AoeStats
← TKBXPT2214

Hill Fort

505107044Analyzed
4v4 RM · 26d ago on Sep 7, 2026· 49m 30s· 8 players
Game mode
Random Map
Map size
Large (8 player)
Population
200
Speed
Normal
Resources
Standard
Victory
Conquest
Starting age
Dark Age
Ending age
Imperial Age
RankedLock teamsTeams togetherTeam positionsShared explorationLock speedFull tech treeHidden civsTurbo modeCheats
Victory
Defeat
🇩🇪 Shu · Germany
1139
+11
🇲🇽 Maya · Mexico
1137
+11
🇦🇷 Franks · Argentina
1075
+14
🇨🇴 Teutons · Colombia
968
+19
🇺🇸 Teutons · United States
1054
-15
🇺🇸 Hindustanis · United States
1052
-15
🇪🇸 Malay · Spain
1022
-13
🇨🇦 Malians · Canada
974
-12
POOPDAD
8:19 Loom
11:14 Feudal Age
11:42 Double-Bit Axe
18:55 Castle Age
18:17 Horse Collar
19:06 Scale Barding Armor
23:33 Wheelbarrow
25:24 Town Watch
28:10 Hand Cart
28:38 Squires
28:47 Scale Mail Armor
28:57 Forging
30:32 Caravan
35:12 Imperial Age
32:36 Fletching
35:10 Bloodlines
34:49 Gambesons
34:50 Arson
35:46 Cavalier
38:56 Heavy Plow
40:15 Chain Barding Armor
40:31 Iron Casting
39:52 Bodkin Arrow
39:58 Padded Archer Armor
40:23 Conscription
39:27 Elite Skirmisher
41:24 Chemistry
40:45 Ballistics
42:40 Chain Mail Armor
43:26 Blast Furnace
42:34 Elite Teutonic Knight
45:04 Paladin
46:40 Crop Rotation
46:59 Plate Barding Armor
46:55 Plate Mail Armor
47:10 Caravan
Mattme1
10:40 Feudal Age
16:08 Castle Age
13:59 Double-Bit Axe
14:18 Horse Collar
16:49 Loom
21:40 Forging
26:56 Scale Barding Armor
28:23 Iron Casting
34:29 Imperial Age
32:40 Wheelbarrow
34:55 Heavy Camel Rider
35:46 Bloodlines
36:38 Blast Furnace
36:03 Husbandry
36:27 Chain Barding Armor
35:59 Fletching
38:33 Conscription
37:41 Elite Ghulam
38:26 Scale Mail Armor
39:35 Chemistry
38:56 Ballistics
39:15 Plate Barding Armor
39:42 Bow Saw
39:36 Heavy Plow
39:31 Light Cavalry
40:44 Squires
40:31 Arson
40:49 Squires
41:19 Chain Mail Armor
41:20 Hussar
42:49 Padded Archer Armor
42:46 Bodkin Arrow
43:49 Hand Cart
43:19 Town Watch
45:59 Imperial Camel Rider
47:16 Pikeman
rey troll
5:43 Loom
11:50 Feudal Age
12:18 Double-Bit Axe
18:54 Gold Mining
19:51 Fishing Lines
21:48 Wheelbarrow
26:19 Castle Age
28:18 Gillnets
29:02 Scale Barding Armor
29:08 Forging
30:03 Husbandry
31:48 Iron Casting
44:20 Horse Collar
47:01 Man-at-Arms
47:47 Squires
47:58 Thalassocracy
48:59 Gold Shaft Mining
dasorux
11:21 Feudal Age
13:25 Man-at-Arms
13:51 Arson
18:24 Castle Age
19:52 Forging
19:43 Scale Mail Armor
19:36 Fletching
19:14 Long Swordsman
20:47 Horse Collar
22:52 Squires
24:10 Double-Bit Axe
26:44 Pikeman
27:29 Town Watch
28:49 Wheelbarrow
28:51 Tigui
31:06 Husbandry
32:54 Hand Cart
34:25 Scale Barding Armor
34:48 Bloodlines
34:54 Gold Mining
40:43 Imperial Age
40:09 Gold Shaft Mining
41:33 Iron Casting
41:14 Chain Mail Armor
41:10 Cavalier
41:10 Heavy Camel Rider
42:22 Heavy Plow
42:04 Two-Handed Swordsman
44:46 Champion
46:16 Conscription
47:24 Farimba
47:33 Light Cavalry
Matasuegra27
10:52 Feudal Age
12:48 Double-Bit Axe
14:26 Horse Collar
19:06 Castle Age
18:31 Gold Mining
19:32 Crossbowman
20:51 Heavy Plow
23:12 Fletching
26:23 Padded Archer Armor
28:48 Scale Barding Armor
30:09 Wheelbarrow
31:07 Forging
33:11 Chain Barding Armor
32:49 Stone Mining
36:58 Imperial Age
34:45 Hand Cart
36:40 Pikeman
37:35 Man-at-Arms
38:07 Halberdier
39:15 Conscription
39:33 Iron Casting
38:59 Scale Mail Armor
39:09 Gambesons
39:24 Squires
39:10 Arson
41:17 Blast Furnace
42:49 Chemistry
42:47 Leather Archer Armor
42:56 Bow Saw
43:19 Crop Rotation
44:33 Cavalier
48:40 Ring Archer Armor
48:28 Chain Mail Armor
sabin
0:29 Loom
12:10 Feudal Age
13:15 Double-Bit Axe
13:45 Horse Collar
15:13 Wheelbarrow
19:30 Castle Age
18:23 Gold Mining
18:31 Stone Mining
19:04 Scale Mail Armor
20:34 Bow Saw
20:25 Heavy Plow
20:40 Crossbowman
21:52 Man-at-Arms
21:55 Pikeman
22:26 Fletching
24:20 Bodkin Arrow
26:38 Ballistics
27:45 Padded Archer Armor
29:07 Eagle Warrior
29:59 Forging
32:45 Squires
33:02 Chain Mail Armor
36:36 Imperial Age
33:51 Town Watch
34:52 Leather Archer Armor
34:19 Treadmill Crane
37:31 Hand Cart
36:48 Halberdier
37:59 Plate Mail Armor
37:44 Bracer
41:09 Ring Archer Armor
41:14 Iron Casting
40:41 Town Patrol
41:25 Conscription
40:26 Elite Plumed Archer
41:28 Thumb Ring
40:44 Arbalester
42:16 Hul'che Javelineers
41:48 Elite Skirmisher
44:06 Chemistry
45:00 Two-Man Saw
45:14 Blast Furnace
44:28 Elite Eagle Warrior
45:46 Hoardings
46:49 Masonry
46:56 Caravan
46:28 Man-at-Arms
46:55 Arson
48:52 Architecture
48:17 Murder Holes
48:14 Guard Tower
48:34 Fortified Wall
49:35 Holcans
haspirits
4:49 Loom
13:44 Feudal Age
14:24 Horse Collar
14:36 Double-Bit Axe
17:43 Castle Age
16:14 Stone Mining
18:12 Wheelbarrow
20:02 Bow Saw
19:55 Heavy Plow
23:26 Gold Mining
24:17 Town Watch
26:25 Hand Cart
26:50 Fletching
26:33 Pikeman
26:40 Crossbowman
28:13 Gold Shaft Mining
28:50 Bodkin Arrow
31:41 Imperial Age
29:44 Padded Archer Armor
30:50 Town Patrol
31:13 Leather Archer Armor
31:14 Thumb Ring
33:00 Bolt Magazine
34:49 Two-Man Saw
34:17 Conscription
33:46 Arbalester
35:01 Forging
35:15 Bracer
36:06 Squires
36:41 Ring Archer Armor
38:17 Scale Mail Armor
39:28 Halberdier
40:25 Caravan
40:55 Gambesons
41:42 Man-at-Arms
42:28 Long Swordsman
43:45 Two-Handed Swordsman
43:50 Elite White Feather Guard
44:40 Champion
47:27 Chain Mail Armor
TKBXPT2214
9:24 Loom
11:40 Feudal Age
12:56 Wheelbarrow
17:52 Castle Age
19:35 Hand Cart
20:49 Husbandry
21:04 Forging
26:07 Scale Barding Armor
26:38 Iron Casting
26:57 Double-Bit Axe
32:22 Stone Mining
32:23 Gold Mining
33:22 Chain Barding Armor
40:12 Imperial Age
38:41 Gold Shaft Mining
38:37 Bow Saw
39:53 Fletching
42:23 Conscription
41:25 Cavalier
43:11 Blast Furnace
42:47 Plate Barding Armor
43:35 Paladin
46:11 Bodkin Arrow
46:26 Paladin
Connection lost

Rejoining the realm…

Still unreachable

The connection could not be restored.

Session expired

The server has moved on; the page needs a fresh start.